Match 46981849
Unlisted

Match 46981849
End
Kradschützen Motorcycle Team
Panzerpioneer Squad
250 Light Carrier
Construct Light Support Kompanie
MG34 Team
Selects Italian Infantry
Selects Italian Infantry
Selects Defensive Operations
Panzerjäger Squad
Fire Support Elements
le.IG 18 Support Gun Team
Flakvierling Half-track
2.5-tonne Medical Truck
Pak 38 Anti-tank Gun Team
Combat Half-tracks
Construct Panzerarmee Kommand
Walking Stuka Rocket Launcher
Flak 36 Anti-tank Gun Team
Pak 38 Anti-tank Gun Team
279896798
ghost860106
T-Age
Flat
MuniekPL
TheVVitcher
Husar
Zmasowany
0
0

Comments sign in to comment!

No comments posted yet!